[Event "Titled Tuesday Blitz February 21 Late 2023"]
[White "Pinheiro, Iung Alicio de O."]
[Black "Lerch, Philipp"]
[WhiteFideId "2104350"]
[BlackFideId "4654129"]
[WhiteElo "2306"]
[BlackElo "2305"]
[Result "1-0"]
[Round "11"]
[TimeControl "180+2"]
[Date "2023.02.21"]
[WhiteClock "0:00:12"]
[BlackClock "0:00:03"]

1. e4 c6 2. d4 d5 3. e5 Bf5 4. h4 h5 5. c4 e6 6. Nc3 Ne7 7. Nge2 Bg6 8. Bg5 Qb6 9. Ng3 Qxb2 10. Rc1 Nf5 11. Nxf5 Bxf5 12. Bd3 Bb4 13. O-O Bxc3 14. Bxf5 exf5 15. cxd5 Bxd4 16. Rb1 Qc3 17. Rxb7 O-O 18. d6 Bxe5 19. d7 Nxd7 20. Rxd7 g6 21. Rd3 Qc5 22. Qf3 Rac8 23. Rc1 Qb6 24. Rd7 Bg7 25. Be3 c5 26. Qd5 Qb4 27. Rxc5 Rxc5 28. Bxc5 Qe1+ 29. Kh2 Be5+ 30. g3 Bb8 31. Kg2 1-0


[Site "https://www.chess.com"]

[Event "Titled Tuesday Blitz February 21 Late 2023"]
[White "Berezin, Viktor"]
[Black "Coelho, Ramyres Santana"]
[WhiteFideId "14107872"]
[BlackFideId "2120690"]
[WhiteElo "2307"]
[BlackElo "1981"]
[Result "0-1"]
[Round "11"]
[TimeControl "180+2"]
[Date "2023.02.21"]
[WhiteClock "0:00:14"]
[BlackClock "0:01:48"]

1. d4 Nf6 2. Bf4 Nh5 3. e3 Nxf4 4. exf4 g6 5. Nf3 Bg7 6. g3 O-O 7. Bg2 c5 8. c3 cxd4 9. Nxd4 Nc6 10. Nxc6 bxc6 11. O-O Qb6 12. Qd2 Rb8 13. b3 d5 14. Re1 e6 15. Qc2 Ba6 16. Nd2 Qc5 17. Rac1 Rfc8 18. Nf3 Qd6 19. Ne5 c5 20. h4 Bxe5 21. fxe5 Qe7 22. h5 d4 23. c4 Bb7 24. Bxb7 Rxb7 25. Re4 Qg5 26. hxg6 hxg6 27. Kg2 Kg7 28. Rh1 Rh8 29. Rxh8 Kxh8 30. Rh4+ Kg7 31. Qe4 Rb8 32. Qd3 Rh8 33. Rxh8 Kxh8 34. f4 Qg4 35. a3 g5 36. fxg5 Qxg5 37. Qe4 Qd2+ 38. Kh3 d3 39. Qh4+ Kg7 40. Qf6+ Kg8 41. Qd8+ Kh7 42. Kg4 Qe2+ 43. Kg5 Qxe5+ 44. Kh4 Qd4+ 0-1


[Site "https://www.chess.com"]

[Event "Titled Tuesday Blitz February 21 Late 2023"]
[White "Grycel, Kamil"]
[Black "Smith, Garrett L"]
[WhiteFideId "1115499"]
[BlackFideId "2024829"]
[WhiteElo "2315"]
[BlackElo "2047"]
[Result "1-0"]
[Round "11"]
[TimeControl "180+2"]
[Date "2023.02.21"]
[WhiteClock "0:00:53"]
[BlackClock "0:01:00"]

1. b3 g6 2. Bb2 Nf6 3. Bxf6 exf6 4. c4 Bg7 5. Nc3 d6 6. Rc1 Nc6 7. Nf3 b6 8. g3 Bb7 9. Bg2 f5 10. O-O O-O 11. d4 Re8 12. e3 Qd7 13. h4 Ne7 14. d5 Kh8 15. Nd4 Ng8 16. Nce2 Nf6 17. Nf4 Ng4 18. Qd2 Bf6 19. b4 g5 20. hxg5 Bxg5 21. c5 bxc5 22. bxc5 dxc5 23. Rxc5 Qe7 24. Rfc1 Qf6 25. Rxc7 Qh6 26. Rxb7 Qh2+ 27. Kf1 Rxe3 28. fxe3 Qxg3 29. Nxf5 Nh2+ 30. Ke2 Qg4+ 31. Kd3 Qxf5+ 32. Be4 1-0


[Site "https://www.chess.com"]

[Event "Titled Tuesday Blitz February 21 Late 2023"]
[White "Lucassen, Mickey"]
[Black "Deng, Henry"]
[WhiteFideId "12919110"]
[BlackFideId "30965454"]
[WhiteElo "2023"]
[BlackElo "2168"]
[Result "1-0"]
[Round "11"]
[TimeControl "180+2"]
[Date "2023.02.21"]
[WhiteClock "0:01:32"]
[BlackClock "0:02:01"]

1. e4 c5 2. Nc3 e6 3. Nge2 Nc6 4. g3 a6 5. Bg2 g6 6. d4 cxd4 7. Nxd4 Bg7 8. Be3 Nge7 9. O-O O-O 10. Qd2 d6 11. Rad1 Qc7 12. Nxc6 Nxc6 13. Qxd6 Qa5 14. Qc5 Qb4 15. Qxb4 Nxb4 16. Bc5 Nxc2 17. Bxf8 Kxf8 18. Rd8+ Ke7 19. Rfd1 Be5 20. f4 Bc7 21. Rh8 h5 22. e5 Ne3 23. Rd2 Nc4 24. Re2 Rb8 25. Ne4 Bd8 26. Nf6 Bb6+ 27. Kh1 Nd6 28. exd6+ Kxf6 29. d7 1-0


[Site "https://www.chess.com"]

[Event "Titled Tuesday Blitz February 21 Late 2023"]
[White "Rottenwohrer Suarez, Juan"]
[Black "mohsengabr2002"]
[WhiteFideId "32068182"]
[WhiteElo "2265"]
[BlackElo "2349"]
[Result "0-1"]
[Round "11"]
[TimeControl "180+2"]
[Date "2023.02.21"]
[WhiteClock "0:00:02"]
[BlackClock "0:00:48"]

1. Nf3 f6 2. e4 g6 3. h4 Nh6 4. d4 e6 5. e5 Nf7 6. h5 g5 7. Nc3 h6 8. exf6 Qxf6 9. Bd3 d5 10. Bg6 Nc6 11. O-O a6 12. Re1 Be7 13. Na4 O-O 14. Nc5 Nxd4 15. Nxd4 Bxc5 16. c3 Ne5 17. Be3 Nxg6 18. hxg6 Qxg6 19. Nxe6 Bxe6 20. Bxc5 Rf7 21. b4 b6 22. Bd4 Raf8 23. Qe2 Bc8 24. Qe5 Kh7 25. a4 Qf5 26. a5 Qxe5 27. Rxe5 bxa5 28. Rxa5 c6 29. Ra1 Kg6 30. Rae1 Rf5 31. Re7 R8f7 32. Re8 Bb7 33. Rg8+ Kh5 34. f3 Rf4 35. g4+ Kh4 36. Kg2 Rxf3 37. Be5 Kxg4 38. Rh8 h5 39. Rh1 h4 40. Re1 c5 41. bxc5 d4 42. cxd4 Re3+ 43. Kg1 Rxe1+ 0-1


[Site "https://www.chess.com"]

[Event "Titled Tuesday Blitz February 21 Late 2023"]
[White "Prieto Aranguren, Alain"]
[Black "Hajiyev, Kanan"]
[WhiteFideId "2268906"]
[BlackFideId "13404148"]
[WhiteElo "2258"]
[BlackElo "2197"]
[Result "1/2-1/2"]
[Round "11"]
[TimeControl "180+2"]
[Date "2023.02.21"]
[WhiteClock "0:00:10"]
[BlackClock "0:00:29"]

1. d4 d5 2. c4 c6 3. cxd5 cxd5 4. Nc3 Nf6 5. Nf3 a6 6. Bg5 Nc6 7. e3 Ne4 8. Bf4 Bg4 9. Be2 e6 10. O-O Nxc3 11. bxc3 Bd6 12. Bg3 Bxg3 13. hxg3 O-O 14. c4 dxc4 15. Bxc4 Na5 16. Be2 Rc8 17. Qb1 b5 18. a4 Nc4 19. axb5 Bxf3 20. Bxc4 Rxc4 21. gxf3 axb5 22. Qxb5 Qc7 23. Kg2 Rc2 24. Rfb1 Qc3 25. Qb3 Qd2 26. Rf1 h5 27. Rad1 Qe2 28. Qd3 Rfc8 29. Qxe2 Rxe2 30. Rc1 Ra8 31. Ra1 Rb8 32. Rfb1 Rxb1 33. Rxb1 g6 34. Rb5 Kg7 35. e4 Rd2 36. d5 Kf6 37. f4 exd5 38. Rxd5 Re2 39. e5+ Ke6 40. Rd6+ Ke7 41. Kf3 Ra2 42. Ke3 Ra3+ 43. Rd3 Ra2 44. Rd2 Ra3+ 45. Ke2 h4 46. gxh4 Rh3 47. f3 Rxh4 48. Ke3 Rh1 49. Ke4 Re1+ 50. Kd5 Re3 51. Rf2 Ra3 52. Kd4 Ke6 53. Ke4 Ra4+ 54. Ke3 Kf5 55. Rg2 Ra3+ 56. Ke2 Ra2+ 57. Kf1 Ra1+ 58. Kf2 Kxf4 59. e6 Ra2+ 60. Kf1 Ra1+ 61. Kf2 fxe6 62. Rxg6 e5 63. Rf6+ Kg5 64. Rf8 Ra3 65. Ke2 Rb3 66. Kf2 Kg6 67. Ke2 Kg7 68. Rf5 Rb5 69. Ke3 Kg6 70. Rf8 Rb4 71. f4 exf4+ 72. Rxf4 Rb3+ 73. Ke4 Kg5 74. Rf8 Rb4+ 75. Ke3 Rb1 76. Ke4 Re1+ 77. Kd3 Rd1+ 78. Ke2 Rd6 79. Ke3 Re6+ 80. Kd2 Ra6 81. Ke2 Kg6 82. Kd2 Kg7 83. Rf3 Ra2+ 84. Kd3 Ra3+ 85. Ke4 Ra2 86. Kf4 Kg6 87. Re3 Ra4+ 88. Kf3 Kf5 89. Ke2 Kf4 90. Rf3+ Ke4 91. Re3+ Kd4 92. Rd3+ Ke4 93. Re3+ Kf4 94. Rf3+ Kg4 95. Rd3 Ra2+ 96. Rd2 Ra3 97. Rd3 Ra4 98. Re3 Kf4 1/2-1/2


[Site "https://www.chess.com"]

[Event "Titled Tuesday Blitz February 21 Late 2023"]
[White "Matsuura, Frederico"]
[Black "reevecanada"]
[WhiteFideId "2107848"]
[WhiteElo "2244"]
[BlackElo "2441"]
[Result "0-1"]
[Round "11"]
[TimeControl "180+2"]
[Date "2023.02.21"]
[WhiteClock "0:00:04"]
[BlackClock "0:01:04"]

1. d4 Nf6 2. c4 e6 3. Nf3 Bb4+ 4. Bd2 Bxd2+ 5. Qxd2 b6 6. Nc3 Bb7 7. g3 O-O 8. Bg2 c5 9. d5 d6 10. O-O e5 11. e4 Ne8 12. Ne1 g6 13. Nd3 f5 14. f4 Nd7 15. b3 a6 16. fxe5 dxe5 17. Rae1 Qf6 18. Bh3 Nd6 19. Qe2 Rae8 20. Rf2 Qg5 21. Ref1 f4 22. Bxd7 fxg3 23. Rg2 Rd8 24. Be6+ Kg7 25. Rxg3 Qh6 26. Nxe5 Rxf1+ 27. Qxf1 Qd2 28. Rf3 Qd4+ 29. Kh1 Qxe5 30. Qh3 Bc8 31. Bxc8 Rxc8 32. Qg3 Re8 33. Qxe5+ Rxe5 34. Re3 b5 35. cxb5 axb5 36. a4 b4 37. Nb5 Rxe4 38. Rxe4 Nxe4 39. a5 Nc3 40. Nd6 Nxd5 41. a6 Nb6 42. a7 Kf8 43. Kg2 Na8 44. Kf3 Ke7 45. Nb7 c4 46. Nc5 c3 47. Ke2 Kd6 48. Nd3 Kc6 49. Nxb4+ Kc5 50. Nc2 Kb6 51. Kd3 Kxa7 52. Kxc3 Kb6 53. Kd4 Nc7 54. Ke5 Ne8 55. Ke6 Ng7+ 56. Kf7 Nf5 57. Kg8 h5 58. Kh7 Ne7 59. Kh6 Kc5 60. b4+ Kc4 0-1


[Site "https://www.chess.com"]

[Event "Titled Tuesday Blitz February 21 Late 2023"]
[White "Seletsky, Grigory"]
[Black "Magallanes, Rey Jomar"]
[WhiteFideId "14112191"]
[BlackFideId "5205948"]
[WhiteElo "2259"]
[BlackElo "2052"]
[Result "0-1"]
[Round "11"]
[TimeControl "180+2"]
[Date "2023.02.21"]
[WhiteClock "0:00:23"]
[BlackClock "0:01:17"]

1. e4 c5 2. Nf3 d6 3. c3 g6 4. d4 cxd4 5. cxd4 Bg7 6. h3 Nc6 7. Nc3 e6 8. Be3 Nge7 9. Qd2 d5 10. e5 O-O 11. Bd3 Nb4 12. Bb1 Nbc6 13. Bh6 Nf5 14. Bxf5 exf5 15. Bxg7 Kxg7 16. O-O-O Be6 17. g4 Rc8 18. Kb1 Nb4 19. Ng5 Qd7 20. Nxe6+ Qxe6 21. g5 a5 22. f4 Rc4 23. b3 Rc7 24. Rc1 Rfc8 25. Na4 b6 26. Rxc7 Rxc7 27. Rc1 Rxc1+ 28. Qxc1 Nd3 29. Qd2 Nb4 30. a3 Na6 31. Qc3 b5 32. Nc5 Nxc5 33. Qxc5 a4 34. Qxb5 axb3 35. Qxb3 Qa6 36. a4 Qf1+ 37. Kb2 Qf2+ 38. Kc3 Qe3+ 39. Kb4 Qxd4+ 40. Kb5 Qa7 41. a5 Qb7+ 42. Ka4 Qc6+ 43. Qb5 Qc2+ 44. Kb4 d4 45. a6 Qc3+ 46. Ka4 Qa1+ 47. Kb3 Qc3+ 48. Ka2 d3 49. a7 d2 50. Qb2 Qa5+ 51. Qa3 Qxa3+ 52. Kxa3 d1=Q 53. a8=Q Qa1+ 0-1


[Site "https://www.chess.com"]

[Event "Titled Tuesday Blitz February 21 Late 2023"]
[White "Kovalevsky, Stanislav"]
[Black "Winkels, Marcel"]
[WhiteFideId "13508598"]
[BlackFideId "1003887"]
[WhiteElo "2237"]
[BlackElo "1960"]
[Result "1-0"]
[Round "11"]
[TimeControl "180+2"]
[Date "2023.02.21"]
[WhiteClock "0:00:34"]
[BlackClock "0:00:01"]

1. e4 c5 2. c4 Nc6 3. Nc3 g6 4. a3 Bg7 5. Rb1 d6 6. b4 Nd4 7. Nge2 Nf6 8. d3 O-O 9. Nxd4 cxd4 10. Ne2 e5 11. g3 Ng4 12. Bg2 f5 13. O-O Rb8 14. c5 fxe4 15. Bxe4 d5 16. Bg2 Be6 17. h3 Nf6 18. f4 Nd7 19. fxe5 Bxe5 20. Nf4 Bxf4 21. Bxf4 Rc8 22. Qb3 Nf6 23. Be5 Nh5 24. g4 Ng7 25. Qb2 Qd7 26. Qxd4 Rxf1+ 27. Rxf1 Ne8 28. Rf2 Nc7 29. a4 Na6 30. Bd6 Qxa4 31. Bxd5 Qd7 32. Qc4 Bxd5 33. Qxd5+ Kg7 34. Be5+ Kh6 35. Qxd7 1-0


[Site "https://www.chess.com"]

[Event "Titled Tuesday Blitz February 21 Late 2023"]
[White "Toncheva, Nadya"]
[Black "Kovacs, Klara"]
[WhiteFideId "2924056"]
[BlackFideId "733210"]
[WhiteElo "2295"]
[BlackElo "2121"]
[Result "0-1"]
[Round "11"]
[TimeControl "180+2"]
[Date "2023.02.21"]
[WhiteClock "0:00:05"]
[BlackClock "0:00:35"]

1. e4 e6 2. d4 d5 3. Nd2 Be7 4. Ngf3 Nf6 5. e5 Nfd7 6. Bd3 c5 7. c3 b6 8. O-O Ba6 9. Bxa6 Nxa6 10. Qe2 Qc8 11. Re1 cxd4 12. Nxd4 Nac5 13. a4 a5 14. Nf1 O-O 15. Qg4 Qc7 16. Bh6 g6 17. Bxf8 Bxf8 18. Qg3 Bg7 19. f4 Ne4 20. Qf3 Ndc5 21. Ng3 Nd2 22. Qe2 Ndb3 23. Nxb3 Nxb3 24. Rad1 Bh6 25. Qf2 Qc4 26. Ne2 Qxa4 27. Nd4 Nc5 28. g4 Ne4 29. Qf3 Qa2 30. Re2 a4 31. f5 exf5 32. gxf5 a3 33. b3 Nd2 34. Qxd5 Rc8 35. e6 Rf8 36. exf7+ Rxf7 37. Re8+ Bf8 38. Ne6 Qxb3 39. Qxd2 a2 40. Qd8 Qa3 41. Ra1 Rxf5 42. Nxf8 Qc5+ 43. Kh1 Qc6+ 44. Kg1 Qc5+ 45. Qd4 Rg5+ 46. Kf1 Qb5+ 47. c4 Qxe8 48. Nxg6 hxg6 49. Rxa2 Rf5+ 50. Rf2 Qf7 51. Qd8+ Kg7 52. Qd4+ Kh7 53. Rxf5 Qxf5+ 54. Kg2 Qc2+ 55. Kg3 Qb3+ 56. Kf4 Qb1 57. Ke5 Qf5+ 58. Kd6 Qf8+ 59. Kc6 Qc8+ 60. Kxb6 Qb8+ 61. Kc6 Qxh2 62. Qd7+ Kh6 63. Qd6 Qg2+ 64. Qd5 Qc2 65. c5 g5 66. Qe6+ Kh5 67. Qh3+ Kg6 68. Kd6 Qd3+ 69. Kc7 Qxh3 70. c6 g4 0-1


[Site "https://www.chess.com"]

[Event "Titled Tuesday Blitz February 21 Late 2023"]
[White "Buchenau, Frank"]
[Black "Skaric, Djuro"]
[WhiteFideId "4604350"]
[BlackFideId "934569"]
[WhiteElo "2222"]
[BlackElo "2334"]
[Result "1-0"]
[Round "11"]
[TimeControl "180+2"]
[Date "2023.02.21"]
[WhiteClock "0:00:09"]
[BlackClock "0:00:41"]

1. e4 d6 2. d4 g6 3. Nc3 Bg7 4. Nf3 Nf6 5. Be2 O-O 6. O-O Nc6 7. d5 Ne5 8. Nxe5 dxe5 9. Bg5 Ne8 10. Qd2 f5 11. f3 Nd6 12. Bd3 a6 13. a4 f4 14. a5 h6 15. Bh4 g5 16. Bf2 Rf6 17. Na4 Rg6 18. g4 fxg3 19. hxg3 Kh7 20. Nc5 Qg8 21. c4 Bf6 22. Kg2 h5 23. Rh1 h4 24. Kf1 Rh6 25. g4 Qf7 26. Kg2 Kg6 27. b4 Rh8 28. Rh3 Rf8 29. b5 Bg7 30. bxa6 bxa6 31. Rb1 Qf6 32. Be3 Rf7 33. Qe2 Bh6 34. Rhh1 e6 35. dxe6 Bxe6 36. Nxe6 Qxe6 37. c5 Nb5 38. Bc4 Qf6 39. Bxf7+ Qxf7 40. Qd3 Rf8 41. Rhf1 Bg7 42. Qd5 Qe7 43. Rbd1 Rf7 44. Qc6+ Bf6 45. Rd5 Kg7 46. Rfd1 Nd4 47. Bxd4 exd4 48. Rf5 h3+ 49. Kxh3 Be5 50. Kg2 Rf6 51. Rxf6 Bxf6 52. Qd5 Be5 53. c6 Kf6 54. Rxd4 Bxd4 55. Qxd4+ Kg6 56. Qd7 Qb4 57. Qf5+ Kh6 58. Qf6+ Kh7 59. Qxg5 Qb2+ 60. Kg3 Qa1 61. Qf5+ Kg7 62. g5 Qe1+ 63. Kg4 Qg1+ 64. Kf4 Qh2+ 65. Ke3 Qg1+ 66. Kd3 Qd1+ 67. Kc4 Qc2+ 68. Kd5 Qb3+ 69. Ke5 Qb5+ 70. Kf4 Qxc6 71. Qe5+ Kg8 72. Kg4 Qd7+ 73. Qf5 Qd2 74. g6 Qg2+ 75. Kf4 Qh2+ 76. Kg5 Qg3+ 77. Kf6 Qh4+ 78. Ke6 1-0


[Site "https://www.chess.com"]

[Event "Titled Tuesday Blitz February 21 Late 2023"]
[White "Pein, Jonathan"]
[Black "Stachanczyk, Jacek"]
[WhiteFideId "417092"]
[BlackFideId "1116657"]
[WhiteElo "2265"]
[BlackElo "2147"]
[Result "0-1"]
[Round "11"]
[TimeControl "180+2"]
[Date "2023.02.21"]
[WhiteClock "0:00:07"]
[BlackClock "0:00:57"]

1. e4 c5 2. Ne2 d5 3. exd5 Nf6 4. d4 cxd4 5. Qxd4 Qxd5 6. Nbc3 Qxd4 7. Nxd4 a6 8. Be2 Bd7 9. Bf3 Nc6 10. Be3 e6 11. O-O-O Bc5 12. Nxc6 Bxe3+ 13. fxe3 Bxc6 14. Bxc6+ bxc6 15. Rd6 Rc8 16. e4 Ke7 17. Rd4 Rhd8 18. Rhd1 c5 19. Rxd8 Rxd8 20. Rxd8 Kxd8 21. Kd2 Kd7 22. Kd3 Kc6 23. Nd1 Ng4 24. h3 Ne5+ 25. Kc3 f5 26. exf5 exf5 27. Ne3 f4 28. Nc4 Kd5 29. Nxe5 Kxe5 30. Kc4 g5 31. Kd3 h5 32. c3 a5 33. a4 g4 34. h4 c4+ 35. Ke2 Ke4 36. Kf2 Kd3 0-1


[Site "https://www.chess.com"]

[Event "Titled Tuesday Blitz February 21 Late 2023"]
[White "Ruiz Aguilar, Pablo Alexander"]
[Black "Delorme, Axel"]
[WhiteFideId "4401352"]
[BlackFideId "632023"]
[WhiteElo "2161"]
[BlackElo "2483"]
[Result "1-0"]
[Round "11"]
[TimeControl "180+2"]
[Date "2023.02.21"]
[WhiteClock "0:00:14"]
[BlackClock "0:00:01"]

1. e4 c5 2. Nf3 d6 3. d4 cxd4 4. Nxd4 Nf6 5. Nc3 a6 6. Be2 e5 7. Nf3 h6 8. Be3 Be6 9. Nd2 Qc7 10. f4 exf4 11. Bxf4 Nc6 12. Nc4 Ne5 13. Ne3 Be7 14. Ned5 Nxd5 15. Nxd5 Bxd5 16. Qxd5 Qxc2 17. Qxb7 O-O 18. Bxe5 dxe5 19. Qxe7 Qxe4 20. Qa3 Rfc8 21. Qf3 Qb4+ 22. Kf2 Rab8 23. b3 Rc3 24. Qd5 Qh4+ 25. g3 Qf6+ 26. Kg2 Rd8 27. Qe4 Qg5 28. Rhf1 Re3 29. Qc4 Rd2 30. Rf2 Qg6 31. Raf1 Kh7 32. Kg1 f5 33. Bh5 Qg5 34. Rxd2 1-0


[Site "https://www.chess.com"]

[Event "Titled Tuesday Blitz February 21 Late 2023"]
[White "Leve, Nitai"]
[Black "Zampronha, Wladimir Camilo"]
[WhiteFideId "2006898"]
[BlackFideId "2103087"]
[WhiteElo "2128"]
[BlackElo "2176"]
[Result "1/2-1/2"]
[Round "11"]
[TimeControl "180+2"]
[Date "2023.02.21"]
[WhiteClock "0:00:20"]
[BlackClock "0:01:48"]

1. e4 c5 2. Nf3 e6 3. d4 cxd4 4. Nxd4 Nc6 5. Nc3 Qc7 6. Nxc6 bxc6 7. Bd3 e5 8. O-O Nf6 9. f4 Bc5+ 10. Kh1 d6 11. fxe5 dxe5 12. Qf3 Be6 13. Bg5 Nd7 14. Rad1 Rb8 15. b3 O-O 16. a4 f6 17. Be3 Qb6 18. Bc4 Bxc4 19. bxc4 Bxe3 20. Rxd7 Rfd8 21. Rxg7+ Kxg7 22. Qxf6+ Kg8 23. Qf7+ Kh8 24. Qf6+ Kg8 25. Qf7+ Kh8 26. Qf6+ Kg8 1/2-1/2


[Site "https://www.chess.com"]

[Event "Titled Tuesday Blitz February 21 Late 2023"]
[White "Meunier-Pion, Jean"]
[Black "Comas Fabrego, Lluis"]
[WhiteFideId "20685327"]
[BlackFideId "2200325"]
[WhiteElo "2215"]
[BlackElo "2424"]
[Result "1-0"]
[Round "11"]
[TimeControl "180+2"]
[Date "2023.02.21"]
[WhiteClock "0:00:20"]
[BlackClock "0:00:04"]

1. e4 c5 2. Nf3 d6 3. d4 cxd4 4. Nxd4 Nf6 5. Nc3 g6 6. Be3 Bg7 7. f3 O-O 8. Qd2 Nc6 9. O-O-O Nxd4 10. Bxd4 Be6 11. g4 Qa5 12. Kb1 Rfc8 13. Nd5 Qxd2 14. Rxd2 Nxd5 15. Bxg7 Kxg7 16. exd5 Bd7 17. h4 h6 18. h5 g5 19. Bd3 Rc7 20. Re1 Kf6 21. Rf2 e5 22. dxe6 Bxe6 23. b3 Rc5 24. Be4 Re5 25. Rd1 d5 26. Bd3 Re3 27. Kc1 Ke5 28. Kd2 Kf4 29. Rdf1 a5 30. a4 Bd7 31. Be2 Bc6 32. Bd1 Rae8 33. Re2 d4 34. Ref2 b5 35. axb5 Bxb5 36. Rg1 d3 37. c4 Bc6 38. Rgf1 R8e5 39. Rg1 Bxf3 40. Rgf1 Re2+ 41. Bxe2 Rxe2+ 42. Kxd3 Rxf2 43. Rxf2 Kg3 44. Ra2 Bxg4 45. c5 Bf3 46. Rxa5 f5 47. Ra6 1-0


[Site "https://www.chess.com"]

[Event "Titled Tuesday Blitz February 21 Late 2023"]
[White "Kalajzic, Ivan"]
[Black "Gerbelli Neto, Eduardo"]
[WhiteFideId "14506378"]
[BlackFideId "2103281"]
[WhiteElo "2062"]
[BlackElo "2114"]
[Result "0-1"]
[Round "11"]
[TimeControl "180+2"]
[Date "2023.02.21"]
[WhiteClock "0:00:03"]
[BlackClock "0:00:09"]

1. b3 Nf6 2. Bb2 d5 3. e3 e6 4. Nf3 Be7 5. d4 O-O 6. Bd3 c5 7. Nbd2 Nc6 8. a3 b6 9. O-O Bb7 10. Ne5 Nxe5 11. dxe5 Nd7 12. f4 g6 13. Qf3 f5 14. g4 Qc7 15. gxf5 exf5 16. Qg3 Qd8 17. Nf3 Rc8 18. Rf2 c4 19. Bf1 c3 20. Bc1 Nc5 21. Nd4 Ne4 22. Qg2 Bh4 23. Rf3 Qe7 24. Bd3 Nc5 25. Be2 Kh8 26. a4 g5 27. Ba3 Rg8 28. Nxf5 Qd7 29. Qh3 g4 30. Qxh4 gxf3+ 31. Kf2 Ne4+ 32. Kxf3 Qxf5 33. Bd3 Nd2+ 34. Kf2 Ne4+ 35. Kf3 d4 36. Be7 Nd2+ 37. Ke2 Rg2+ 38. Ke1 Nf3+ 39. Kf1 Nxh4 40. Bxh4 Be4 41. Bf6+ Kg8 42. Rd1 Rg6 43. Bxe4 Qxe4 44. Rxd4 Qxe3 45. Rd7 Qxf4+ 46. Ke2 Rxf6 47. Kd3 Qxe5 0-1


[Site "https://www.chess.com"]

[Event "Titled Tuesday Blitz February 21 Late 2023"]
[White "Goncalves, Davi Sulzbacher"]
[Black "Simonovic, Miroslav"]
[WhiteFideId "2154510"]
[BlackFideId "919152"]
[WhiteElo "2282"]
[BlackElo "2082"]
[Result "0-1"]
[Round "11"]
[TimeControl "180+2"]
[Date "2023.02.21"]
[WhiteClock "0:00:07"]
[BlackClock "0:00:26"]

1. e4 c5 2. Nf3 Nc6 3. d4 cxd4 4. Nxd4 a6 5. f4 e5 6. Nf5 d6 7. Bc4 Bxf5 8. exf5 Qh4+ 9. g3 Qh3 10. Qd5 O-O-O 11. Nc3 Nf6 12. Qxf7 Nd4 13. Nd5 Nd7 14. Ne3 Nf3+ 15. Kf2 Nxh2 16. Bd2 exf4 17. gxf4 Qf3+ 18. Ke1 Qxh1+ 19. Ke2 Qxa1 20. Ba5 Be7 21. Qxe7 Rhe8 22. Bxd8 Rxe7 23. Bxe7 Qxb2 24. Bxd6 Ng4 25. Nxg4 Qxc2+ 26. Kf3 Qxc4 27. Ne3 Qc6+ 0-1


[Site "https://www.chess.com"]

[Event "Titled Tuesday Blitz February 21 Late 2023"]
[White "Kielinkei"]
[Black "Adel, Sara"]
[BlackFideId "10616764"]
[WhiteElo "2387"]
[BlackElo "1739"]
[Result "1-0"]
[Round "11"]
[TimeControl "180+2"]
[Date "2023.02.21"]
[WhiteClock "0:00:12"]
[BlackClock "0:00:14"]

1. d4 Nf6 2. Bg5 d5 3. e3 c5 4. c3 Ne4 5. Bf4 g5 6. Be5 f6 7. Qh5+ Kd7 8. Bg3 Nc6 9. Bd3 Qb6 10. Qe2 Nd6 11. Nf3 cxd4 12. exd4 Bg7 13. O-O Kc7 14. Na3 Bg4 15. Nb5+ Kd7 16. Nxd6 exd6 17. h3 Rae8 18. Qd1 Be6 19. b4 h5 20. Nd2 f5 21. Nb3 h4 22. Bh2 g4 23. Re1 gxh3 24. gxh3 f4 25. Rxe6 Kxe6 26. Qg4+ Kf6 27. Qg6+ Ke7 28. Qxg7+ Kd8 29. Qg5+ Kc7 30. Qxf4 Rd8 31. Nc5 Kb8 32. Ne6 Rd7 33. a4 Nd8 34. Nxd8 Qxd8 35. Kh1 Rf8 36. Qg4 Rxf2 37. Rg1 Rdf7 38. Qg8 Rf8 39. Qxd5 Rxh2+ 40. Kxh2 Rf2+ 41. Rg2 Qf6 42. Qg8+ Kc7 43. Qh7+ Kb6 44. Qe4 Rxg2+ 45. Kxg2 Qg5+ 46. Qg4 Qd2+ 47. Be2 Qxc3 48. d5 Qe5 49. Qf3 Kc7 50. Qf7+ Kb6 51. Qf2+ Kc7 52. Bf3 Kd8 53. Qxh4+ Ke8 54. Qh5+ Kd7 55. Qxe5 dxe5 56. Kg3 Kd6 57. h4 a5 58. bxa5 Ke7 59. Kg4 Kd6 60. Be4 Kc5 61. Kf5 Kb4 62. d6 Kxa5 63. d7 Kxa4 64. d8=Q 1-0


[Site "https://www.chess.com"]

[Event "Titled Tuesday Blitz February 21 Late 2023"]
[White "Davidson, Kevin"]
[Black "Sailer, Mike"]
[WhiteFideId "2056810"]
[BlackFideId "2012901"]
[WhiteElo "2154"]
[BlackElo "2109"]
[Result "0-1"]
[Round "11"]
[TimeControl "180+2"]
[Date "2023.02.21"]
[WhiteClock "0:00:01"]
[BlackClock "0:00:23"]

1. e4 d5 2. exd5 Qxd5 3. Nc3 Qd6 4. d4 Nf6 5. Nf3 c6 6. Ne5 Nbd7 7. f4 g6 8. g4 Bg7 9. Bg2 Nb6 10. O-O Nbd5 11. Ne4 Nxe4 12. Bxe4 O-O 13. c4 Nc7 14. Be3 f6 15. Nd3 f5 16. gxf5 gxf5 17. Bf3 Bxd4 18. Bxd4 Qxd4+ 19. Kh1 Be6 20. b3 Rf6 21. Qe2 Kh8 22. Rg1 Rg8 23. Rxg8+ Kxg8 24. Re1 Ne8 25. Bg2 Nd6 26. Ne5 Qxf4 27. Rf1 Qh4 28. Rg1 Kf8 29. Nf3 Qh5 30. Qe3 Ne4 31. Ne5 Rh6 32. h3 Qh4 33. Bxe4 Qxe4+ 34. Qxe4 Rxh3+ 35. Kg2 fxe4 36. Kf2 Rc3 0-1


[Site "https://www.chess.com"]

[Event "Titled Tuesday Blitz February 21 Late 2023"]
[White "Chemin, Justo Reinaldo"]
[Black "Koziol, Kamil"]
[WhiteFideId "2101580"]
[BlackFideId "1161555"]
[WhiteElo "2040"]
[BlackElo "2286"]
[Result "0-1"]
[Round "11"]
[TimeControl "180+2"]
[Date "2023.02.21"]
[WhiteClock "0:00:13"]
[BlackClock "0:00:32"]

1. d4 e6 2. Nf3 d5 3. Bf4 Nf6 4. e3 c5 5. c3 Nc6 6. Nbd2 Bd6 7. Bd3 Qe7 8. Ne5 Nd7 9. Ndf3 f6 10. Nxc6 bxc6 11. Bg3 e5 12. dxe5 Nxe5 13. Nxe5 Bxe5 14. O-O O-O 15. Qc2 g6 16. f4 Bd6 17. Rfe1 c4 18. Bf1 Bf5 19. Qa4 Qb7 20. e4 Bxe4 21. Bxc4 Qxb2 22. Bf1 Rfc8 23. Rac1 f5 24. c4 Qd4+ 25. Kh1 Bc5 26. Be2 Rab8 27. cxd5 Qxa4 28. Rxc5 cxd5 29. Rec1 Rxc5 0-1


[Site "https://www.chess.com"]

[Event "Titled Tuesday Blitz February 21 Late 2023"]
[White "Leonte, Sebastian-Marian"]
[Black "Mitrovic, Darko R"]
[WhiteFideId "1268767"]
[BlackFideId "927023"]
[WhiteElo "1279"]
[BlackElo "2220"]
[Result "0-1"]
[Round "11"]
[TimeControl "180+2"]
[Date "2023.02.21"]
[WhiteClock "0:01:49"]
[BlackClock "0:01:29"]

1. e4 c6 2. d4 d5 3. e5 Bf5 4. Nf3 e6 5. Be2 c5 6. Be3 Nc6 7. dxc5 Qc7 8. Nc3 a6 9. Nd4 Nxd4 10. Qxd4 Ne7 11. f4 Bxc2 12. O-O Nf5 13. Qd2 Nxe3 14. Qxe3 Bxc5 0-1


[Site "https://www.chess.com"]

[Event "Titled Tuesday Blitz February 21 Late 2023"]
[White "Manu_ChessExcelsior"]
[Black "Gatterer, Florian"]
[BlackFideId "811688"]
[WhiteElo "2095"]
[BlackElo "2170"]
[Result "1/2-1/2"]
[Round "11"]
[TimeControl "180+2"]
[Date "2023.02.21"]
[WhiteClock "0:02:19"]
[BlackClock "0:02:44"]

1. e4 e5 2. Nf3 Nc6 3. Bc4 Bc5 4. c3 Nf6 5. d4 exd4 6. e5 d5 7. Bb5 Ne4 8. cxd4 Bb6 9. Be3 O-O 10. h3 Bf5 11. O-O f6 1/2-1/2


[Site "https://www.chess.com"]

[Event "Titled Tuesday Blitz February 21 Late 2023"]
[White "Figorito, Nick"]
[Black "Clawitter, Craig"]
[WhiteFideId "30923689"]
[BlackFideId "2023105"]
[WhiteElo "2036"]
[BlackElo "2050"]
[Result "1-0"]
[Round "11"]
[TimeControl "180+2"]
[Date "2023.02.21"]
[WhiteClock "0:00:34"]
[BlackClock "0:00:11"]

1. Nf3 Nf6 2. g3 e6 3. Bg2 d5 4. O-O Be7 5. d4 O-O 6. c4 dxc4 7. Qc2 a6 8. Qxc4 b5 9. Qc2 Bb7 10. Nc3 c5 11. dxc5 Nbd7 12. b4 a5 13. Nxb5 axb4 14. c6 Rc8 15. Na7 Rc7 16. Bf4 e5 17. Nxe5 Nxe5 18. Bxe5 Bd6 19. Rad1 Bxe5 20. Rxd8 Rxd8 21. Rd1 Re8 22. Qc5 Ba6 23. Nb5 Bxb5 24. Qxb5 Bc3 25. Qb6 Rcc8 26. c7 Rxe2 27. Rd8+ Re8 28. Rxe8+ Nxe8 29. Qb8 Nd6 30. Bh3 Rf8 31. c8=Q Nxc8 32. Bxc8 g6 33. Kg2 Kg7 34. Qb7 Rd8 35. Bd7 Kf8 36. Ba4 Kg7 37. Bb3 Rf8 38. Qe4 f5 39. Qc4 Kh6 40. a4 Rd8 41. Qh4+ 1-0


[Site "https://www.chess.com"]